 Dungeon Crawl Stone Soup version 0.29.1-13-g9f3cf754e1 (webtiles) character file.

Game seed: 458380497383030963

80 protoss039 the Digger (level 4, 33/33 HPs)
             Began as a Demonspawn Earth Elementalist on Feb 9, 2023.
             Got out of the dungeon alive.
             The game lasted 00:02:29 (1648 turns).

protoss039 the Digger (DsEE)                        Turns: 1648, Time: 00:02:29

Health: 33/33      AC:  2    Str:  8    XL:     4   Next: 18%
Magic:  8/8        EV: 12    Int: 18    God:
Gold:   16         SH:  0    Dex: 14    Spells: 2/8 levels left

rFire   . . .      SeeInvis .   j - +2 dagger (venom)
rCold   . . .      Faith    .   (no shield)
rNeg    + . .      Spirit   .   a - +0 robe
rPois   .          Reflect  .   (helmet restricted)
rElec   .          Harm     .   (no cloak)
rCorr   .          Rampage  .   (no gloves)
Will    .....                   (no boots)
Stlth   ++........              (no amulet)
HPRegen 0.11/turn               f - ring of positive energy
MPRegen 0.11/turn               (no ring)

@: no status effects
A: horns 1, weakness stinger 1
a: no special abilities


You escaped.
You visited 1 branch of the dungeon, and saw 2 of its levels.

You collected 16 gold pieces.

Inventory:

Hand Weapons
 j - a +2 dagger of venom (weapon)
Armour
 a - a +0 robe (worn)
Jewellery
 f - a ring of positive energy (left hand)
Scrolls
 c - 2 scrolls of enchant armour {unknown}
 d - a scroll of identify
 h - 2 scrolls of teleportation
Potions
 b - a potion of magic
 g - 3 potions of mutation


   Skills:
 + Level 2.1 Fighting
 - Level 1.7 Dodging
 - Level 1.7 Stealth
 + Level 2.9 Spellcasting
 - Level 0.8 Transmutations
 + Level 3.4 Earth Magic


You had 2 spell levels left.
You knew the following spells:

 Your Spells              Type           Power      Damage    Failure   Level
a - Sandblast             Erth           28%        2d8       4%          1
b - Passwall              Tmut/Erth      8%         N/A       11%         2
c - Stone Arrow           Conj/Erth      16%        3d8       24%         3

Your spell library contained the following spells:

 Spells                   Type           Power      Damage    Failure   Level
 Scorch                   Fire           4%         2d5       26%         2
 Gell's Gravitas          Tloc           2%         N/A       45%         3
 Lesser Beckoning         Tloc           2%         N/A       45%         3
 Teleport Other           Tloc           2%         N/A       45%         3
 Petrify                  Tmut/Erth      10%        N/A       56%         4
 Flame Wave               Conj/Fire      2%         2d4       86%         4
 Summon Cactus Giant      Summ           1%         N/A       100%        6


Dungeon Overview and Level Annotations

Branches:
Dungeon (2/15) Zot: 10339

Altars:


Innate Abilities, Weirdness & Mutations

You have a pair of small horns on your head.
You have a small tail.


Message History

Magic restored.
You climb downwards.
Level annotation: Terence
There is a stone staircase leading up here.
c - 2 scrolls labelled SUPPEDY SUIXU (gained 1) Terence is nearby!
Terence is nearby!
Terence is nearby!
Casting: Stone Arrow (extremely dangerous; 26% risk of failure)
Confirm with . or Enter, or press ? or * to list all spells.
The spell is extremely dangerous to miscast (26% risk of failure)!
Continue anyway?
Aiming: Stone Arrow (extremely dangerous; 26% risk of failure)
Press: ? - help, Shift-Dir - straight line, f - Terence
Aim: Terence, wielding a +0 falchion and wearing a +0 scale mail (moderately wounded, 69% to hit)
The stone arrow hits Terence!
Terence is severely wounded.
Unknown command.
Casting: Stone Arrow (extremely dangerous; 26% risk of failure)
Confirm with . or Enter, or press ? or * to list all spells.
The spell is extremely dangerous to miscast (26% risk of failure)!
Continue anyway?
Aiming: Stone Arrow (extremely dangerous; 26% risk of failure)
Press: ? - help, Shift-Dir - straight line, f/p - Terence
Aim: Terence, wielding a +0 falchion and wearing a +0 scale mail (severely wounded, 69% to hit)
The stone arrow hits Terence!
You kill Terence!
Your Fighting skill increases to level 2!
You have reached level 4!
You feel agile.
Your demonic ancestry asserts itself...
A pair of horns grows on your head!
Unknown command.
g - 3 potions of mutation (gained 2)
Things that are here:
a +0 falchion; a +0 scale mail; the human corpse of Terence
There is a stone staircase leading up here.
You climb upwards.
There is a stone staircase leading down here.
Magic restored.
There is a staircase leading out of the dungeon here.
Are you sure you want to leave the Dungeon?
This will make you lose the game!
You have escaped!

##.........#######
##...............########
##..[.....[.............######
####§........................#
# #.≈≈§§≈.≈§§≈≈.§≈≈≈≈.≈§≈≈≈.#
# #§.≈≈≈..§§§§..§§§≈...≈≈§..##
#
#...§..§§§§§..§§§.....≈....###
#
#....≈≈§≈§§....§§≈§≈≈≈.......#
#
#.....≈≈§....@....§§≈§.....#.#
#
##.....≈.........§.≈.....#.#.#
##.....≈≈≈≈≈.≈≈≈≈≈.....##.#.#
##.....≈≈§...≈§≈.....###.#.#
#......≈.....≈......# #.#.#
#.#.....§§§≈≈.......# #.#.#
#.##.....≈≈≈.....#.## #.#.#
#.###.....≈.....##.# #.#.# #.#
#..............####...#


There were no monsters in sight!

Vanquished Creatures
  A hound (D:2)
  Terence (D:2)
  A dart slug (D:1)
  2 endoplasms (D:1)
  3 giant cockroaches (D:1)
  2 goblins (D:1)
  3 kobolds
  4 quokkas (D:1)
  4 ball pythons (D:1)
  A frilled lizard (D:2)
  2 rats (D:1)
24 creatures vanquished.

Notes
Turn   | Place    | Note
-------+----------+-------------------------------------------
     0 | D:1      | protoss039 the Demonspawn Earth Elementalist began the
                  | quest for the Orb.
     0 | D:1      | Reached XP level 1. HP: 13/13 MP: 3/3
   248 | D:1      | Discovered your monstrous ancestry.
   248 | D:1      | Gained mutation: You have a small tail. [demonic ancestry]
   248 | D:1      | Reached XP level 2. HP: 12/20 MP: 3/5
   438 | D:1      | Reached skill level 1 in Fighting
   556 | D:1      | Reached skill level 3 in Earth Magic
  1248 | D:2      | Noticed Terence
  1309 | D:1      | Learned a level 2 spell: Passwall
  1320 | D:2      | Reached XP level 3. HP: 18/27 MP: 5/7
  1324 | D:2      | Learned a level 3 spell: Stone Arrow
  1581 | D:2      | Killed Terence
  1582 | D:2      | Gained mutation: You have a pair of small horns on your
                  | head. [demonic ancestry]
  1582 | D:2      | Reached XP level 4. HP: 33/33 MP: 1/8
  1648 | D:$      | Got out of the dungeon alive.

Illustrated notes

Levels and vault maps discovered:
D:1:      onia_arrival_pyramid, layout_loops_ring, nrook_mini_vaults
D:2:      layout_loops_ring, uniq_terence

Skill      XL: |  1  2  3 |
---------------+----------+-----
Fighting       | 1 2 |  2.1
Earth Magic    | 3 |  3.4
Dodging        | |  1.7
Stealth        | |  1.7
Spellcasting   | |  2.9
Transmutations | |  0.8

Action                   |  1- 3 |  4- 6 || total
-------------------------+-------+-------++-------
Melee: Spear             |    23 |       ||    23
       Dagger            |     9 |       ||     9
       Tailslap          |     5 |       ||     5
       Short sword       |     2 |       ||     2
 Cast: Sandblast         |    20 |       ||    20
       Stone Arrow       |     3 |       ||     3
  Use: Scroll            |     4 |       ||     4
 Stab: Sleeping          |     4 |       ||     4
Armor: Robe              |     6 |       ||     6
Dodge: Dodged            |    21 |       ||    21
